 Dungeon Crawl Stone Soup version 0.26-b1-25-gafae2e710b (webtiles) character file.

Game seed: 7588702682897599360

158 oldmanjim the Chopper (level 5, -1/49 HPs)
             Began as a Hill Orc Monk on Jan 3, 2021.
             Slain by an orc priest
             ... wielding a +0 flail
              (5 damage)
             ... on level 3 of the Dungeon.
             The game lasted 00:14:46 (3075 turns).

oldmanjim the Chopper (Hill Orc Monk)               Turns: 3075, Time: 00:14:46

Health: -1/49      AC:  6    Str: 15    XL:     5   Next: 39%
Magic:  5/5        EV: 10    Int: 10    God:
Gold:   106        SH:  0    Dex: 13    Spells: 4/4 levels left

rFire    . . .     SeeInvis .   c - +3 short sword
rCold    . . .     Faith    .   (no shield)
rNeg     . . .     Spirit   .   d - +0 scale mail
rPois    .         Reflect  .   (no helmet)
rElec    .         Harm     .   (no cloak)
rCorr    .         Rampage  .   (no gloves)
Will     .....                  (no boots)
Stlth    ..........             (no amulet)
HPRegen  0.16/turn              (no ring)
MPRegen  0.09/turn              (no ring)

@: no status effects
A: no striking features
a: Convert to Beogh


You were on level 3 of the Dungeon.
You visited 1 branch of the dungeon, and saw 3 of its levels.

You collected 106 gold pieces.

Inventory:

Hand Weapons
 a - a +0 hand axe
 c - a +3 short sword (weapon)
Missiles
 f - 71 stones (quivered)
 n - 14 sling bullets
 s - 2 throwing nets
Armour
 b - a +0 robe
 d - a +0 scale mail (worn)
 r - a +0 chain mail
Jewellery
 m - an uncursed ring of poison resistance {unknown}
Scrolls
 e - 2 scrolls of blinking {unknown}
 g - 4 scrolls of teleportation {unknown}
 i - a scroll of fog {unknown}
 k - 3 scrolls of identify {unknown}
 o - 4 scrolls of remove curse {unknown}
 t - a scroll of amnesia {unknown}
Potions
 h - a potion of brilliance {unknown}
 j - a potion of attraction {unknown}
 l - 2 potions of flight {unknown}
 p - a potion of might {unknown}
 q - 2 potions of curing {unknown}


   Skills:
 + Level 5.6 Fighting
 + Level 6.2 Axes
 - Level 2.4 Dodging
 - Level 1.5 Stealth


You had 4 spell levels left.
You didn't know any spells.
Your spell library was empty.

Dungeon Overview and Level Annotations

Branches:
Dungeon (3/15)

Altars:
Yredelemnul


Message History

* * * LOW HITPOINT WARNING * * *
The kobold throws a stone.
The stone hits you but does no damage.
You hear a shout!
You hit the orc priest but do no damage.
The orc priest shouts, "Surrender to Beogh and we'll let you live!"
The orc priest is heavily wounded.
The orc priest closely misses you.
The kobold throws a stone.
The stone barely misses you. The dart slug closely misses you.
The orc priest shouts, "Beogh is our master!
Accept the truth or die!"
You hit the orc priest.
The orc priest is almost dead.
The kobold throws a stone.
The stone completely misses you.
The orc priest begins to cast a cantrip, but forgets the words!
The dart slug launches a dart at you. The slug dart hits you.
* * * LOW HITPOINT WARNING * * *
You hit the orc priest but do no damage.
The orc priest is almost dead.
The orc priest hits you with a +0 flail.
You die...

#< #.#+######).# #.
#.#...#####.### #.
#.#...+........
#.##.#...#####..## #
#..#.#...### ##... #.
#.#.#.....# #.##
'####.##.#.#.....####..#
.K.(..ow...).....+......
####..@...#..[..####..#
###....#.....# #..)
..#....+.....#####.#
#.#....#####.....#)#
#.#....# #.....#..
#.#....# #.....##.
###.#....#####........
+...#....<..##......##
###.'...<...##.####.##


You could see an orc priest, a dart slug and a kobold.

Vanquished Creatures
  A hound (D:1)
  An orc priest (D:3)
  Natasha (D:1)
  2 adders
  2 worms
  2 dart slugs
  4 leopard geckos
  3 orcs (D:3)
  A ball python (D:3)
  4 bats
  6 goblins
  3 hobgoblins (D:3)
  2 jackals (D:1)
  2 frilled lizards (D:1)
  7 kobolds
  2 rats (D:2)
43 creatures vanquished.

Notes
Turn   | Place    | Note
-------+----------+-------------------------------------------
     0 | D:1      | oldmanjim the Hill Orc Monk began the quest for the Orb.
     0 | D:1      | Reached XP level 1. HP: 19/19 MP: 1/1
   339 | D:1      | Reached XP level 2. HP: 11/27 MP: 2/2
  1067 | D:2      | Reached XP level 3. HP: 31/34 MP: 3/3
  1142 | D:1      | Reached skill level 5 in Axes
  1390 | D:2      | Reached XP level 4. HP: 36/41 MP: 4/4
  1461 | D:2      | Found a basalt altar of Yredelemnul.
  1525 | D:2      | Noticed Natasha
  1587 | D:1      | Killed Natasha
  1588 | D:1      | Reached skill level 5 in Fighting
  2902 | D:3      | Reached XP level 5. HP: 44/48 MP: 5/5
  3058 | D:3      | Reached skill level 6 in Axes
  3075 | D:3      | Slain by an orc priest

Illustrated notes

Levels and vault maps discovered:
D:1:      lemuel_arrival_river_bridge, layout_basic
D:2:      layout_rooms, yredelemnul_altar_generic, uniq_natasha
D:3:      layout_basic, minmay_misc_feat_five, kennysheep_generic_room_8

Skill      XL: |  1  2  3  4  5 |
---------------+----------------+-----
Fighting       | 4 5 |  5.6
Axes           | 5 6 |  6.2
Dodging        | |  2.4
Stealth        | |  1.5

Action                   |  1- 3 |  4- 6 || total
-------------------------+-------+-------++-------
Melee: Short sword       |    50 |    79 ||   129
Throw: Stone             |    29 |    53 ||    82
Armor: Scale mail        |    23 |    18 ||    41
       Robe              |     1 |       ||     1
Dodge: Dodged            |    32 |    48 ||    80
